 Dungeon Crawl Stone Soup version 0.26.1-11-gd32895ea62 (webtiles) character file.

Game seed: 7321291354582018531

298907 cozkul the Impregnable (level 20, -5/136 HPs)
             Began as a Minotaur Fighter on July 9, 2021.
             Was the Champion of Trog.
             Collided with a stone wall (8 damage)
             ... caused by a white draconian
             ... on level 3 of the Abyss on July 12, 2021.
             The game lasted 05:39:37 (53744 turns).

cozkul the Impregnable (Minotaur Fighter)          Turns: 53744, Time: 05:39:41

Health: -5/136     AC: 31    Str: 26 (30) XL:     20   Next: 13%
Magic:  13/13      EV:  7    Int:  6 (8)  God:    Trog [******]
Gold:   3676       SH: 25    Dex:  8 (9)  Spells: 19/19 levels left

rFire    + + .     SeeInvis .   X - +3 broad axe (venom)
rCold    . . .     Faith    +   D - +0 tower shield
rNeg     . . .     Spirit   .   U - +4 gold dragon scales "Nuasyill" {rPois rF+ rC+ Str+2 Int+3}
rPois    +         Reflect  .   (helmet restricted)
rElec    +         Harm     .   z - +2 cloak
rCorr    .         Rampage  .   V - +2 pair of gloves
Will     +....     Rnd*Rage +   o - +0 pair of boots of the Vacuum {rElec rPois Str+5 Stlth-} Stlth ..........Rnd*Tele +
                                x - amulet of faith
HPRegen  0.00/turn              Y - +4 ring of slaying
MPRegen  0.13/turn              k - ring of fire

@: flying, studying Fighting, silenced
A: retaliatory headbutt, claws 1, horns 2, large bone plates 1, agile 1,
[berserk 3], [blurry vision 3], clever 1, [clumsy 2], [deformed body],
[deterioration 2], [dopey 2], [frail 3], low mp 1[+2], [screaming 3], [inhibited
regeneration], [teleportitis 3], [weak 2], [no potion heal 2], [subdued magic 3]
}: 2/15 runes: decaying, serpentine
a: Renounce Religion


You were on level 3 of the Abyss.
You worshipped Trog.
Trog was exalted by your worship.
You visited 7 branches of the dungeon, and saw 32 of its levels.
You visited the Abyss 2 times.

You collected 5396 gold pieces.
You spent 1720 gold pieces at shops.

Inventory:

Hand Weapons
 m - the +1 mace "Vomufeti" {vorpal, rF+ Will- Int+4 Dex+2}
   (You found it on level 3 of the Swamp)

   It inflicts extra damage upon your enemies.
   It affects your intelligence (+4).
   It affects your dexterity (+2).
   It protects you from fire.
   It affects your willpower, your defense against some magical effects.
 r - a +4 demon blade of flaming
 u - the +7 hand axe of Compassion {vorpal, rF- Will++}
   (You found it on level 4 of the Dungeon)

   It inflicts extra damage upon your enemies.
   It makes you vulnerable to fire.
   It affects your willpower, your defense against some magical effects.
 A - the +4 scimitar "Niugh" {vorpal, +Inv rN+++ Will- SInv}
   (Trog gifted it to you on level 2 of the Orcish Mines)

   It inflicts extra damage upon your enemies.
   It renders you almost immune to negative energy.
   It affects your willpower, your defense against some magical effects.
   It lets you see invisible.
   It lets you turn invisible.
 G - a +4 antimagic executioner's axe
 X - a +3 broad axe of venom (weapon)
Missiles
 Q - 3 javelins (quivered)
Armour
 h - a scarf of invisibility
 o - the +0 pair of boots of the Vacuum (worn) {rElec rPois Str+5 Stlth-}
   (You found it on level 11 of the Dungeon)

   It affects your strength (+5).
   It insulates you from electricity.
   It protects you from poison.
   It makes you less stealthy.
 z - a +2 cloak (worn)
 D - a +0 tower shield (worn)
 S - the +0 plate armour of the Assorted Stories {*Drain +Fly rElec Dex+5}
   (You found it on level 9 of the Dungeon)

   It affects your dexterity (+5).
   It insulates you from electricity.
   It lets you fly.
   It causes draining when unequipped.
 U - the +4 gold dragon scales "Nuasyill" (worn) {rPois rF+ rC+ Str+2 Int+3}
   (You bought it in a shop on level 2 of the Orcish Mines)

   It affects your strength (+2).
   It affects your intelligence (+3).
   It protects you from fire.
   It protects you from cold.
   It protects you from poison.
 V - a +2 pair of gloves (worn)
Jewellery
 k - a ring of fire (right hand)
 x - an amulet of faith (around neck)
 C - an uncursed ring of poison resistance
 Y - a +4 ring of slaying (left hand)
 Z - an uncursed amulet of the acrobat
Wands
 b - a wand of iceblast (53)
 E - a wand of paralysis (34)
 F - a wand of acid (27)
 J - a wand of flame (95)
 M - a wand of disintegration (15)
 O - a wand of enslavement (7)
Scrolls
 a - 9 scrolls of blinking
 c - 4 scrolls of enchant weapon
 d - 2 scrolls of summoning
 g - 9 scrolls of teleportation
 j - 6 scrolls of amnesia
 l - 10 scrolls of fear
 q - 10 scrolls of magic mapping
 t - 4 scrolls of immolation
 B - 9 scrolls of remove curse
 H - 2 scrolls of silence
 I - 3 scrolls of fog
 W - 2 scrolls of enchant armour
Potions
 e - 5 potions of curing
 f - 3 potions of invisibility
 i - a potion of berserk rage
 p - 4 potions of might
 s - a potion of resistance
 w - a potion of flight
 N - 3 potions of cancellation
 P - a potion of mutation
 R - 2 potions of haste
 T - a potion of ambrosia
Books
 n - a manual of Fighting


   Skills:
 * Level 20.7 Fighting
 - Level 14.0 Long Blades
 - Level 19.9(20.0) Axes
 - Level 1.0(13.6) Polearms
 - Level 3.0 Throwing
 + Level 21.2 Armour
 - Level 6.5 Dodging
 + Level 3.8 Stealth
 - Level 16.3 Shields


You had 19 spell levels left.
You didn't know any spells.
Your spell library contained the following spells:

 Spells                   Type           Power        Failure   Level
 Animate Skeleton         Necr           0%           100%        1
 Corona                   Hex            0%           100%        1
 Freeze                   Ice            0%           100%        1
 Magic Dart               Conj           0%           100%        1
 Pain                     Necr           0%           100%        1
 Sandblast                Erth           0%           100%        1
 Shock                    Conj/Air       0%           100%        1
 Sting                    Tmut/Pois      0%           100%        1
 Blink                    Tloc           N/A          100%        2
 Call Imp                 Summ           0%           100%        2
 Corpse Rot               Necr/Air       N/A          100%        2
 Ensorcelled Hibernation  Hex/Ice        0%           100%        2
 Passwall                 Tmut/Erth      0%           100%        2
 Poisonous Vapours        Pois/Air       0%           100%        2
 Slow                     Hex            0%           100%        2
 Swiftness                Air            0%           100%        2
 Confusing Touch          Hex            0%           100%        3
 Conjure Flame            Conj/Fire      0%           100%        3
 Dazzling Flash           Conj/Hex       0%           100%        3
 Frozen Ramparts          Ice            0%           100%        3
 Gell's Gravitas          Tloc           0%           100%        3
 Ignite Poison            Fire/Tmut/Pois 0%           100%        3
 Lesser Beckoning         Tloc           0%           100%        3
 Mephitic Cloud           Conj/Pois/Air  0%           100%        3
 Ozocubu's Armour         Ice            0%           100%        3
 Spider Form              Tmut/Pois      0%           100%        3
 Static Discharge         Conj/Air       0%           100%        3
 Stone Arrow              Conj/Erth      0%           100%        3
 Teleport Other           Tloc           0%           100%        3
 Tukima's Dance           Hex            0%           100%        3
 Vampiric Draining        Necr           0%           100%        3
 Airstrike                Air            0%           100%        4
 Animate Dead             Necr           0%           100%        4
 Hailstorm                Conj/Ice       0%           100%        4
 Ice Form                 Ice/Tmut       0%           100%        4
 Olgreb's Toxic Radiance  Pois           0%           100%        4
 Passage of Golubria      Tloc           N/A          100%        4
 Petrify                  Tmut/Erth      0%           100%        4
 Summon Ice Beast         Ice/Summ       0%           100%        4
 Agony                    Necr           0%           100%        5
 Fireball                 Conj/Fire      0%           100%        5
 Lee's Rapid Deconstruct  Erth           0%           100%        5
 Lightning Bolt           Conj/Air       0%           100%        5
 Metabolic Englaciation   Hex/Ice        0%           100%        5
 Summon Forest            Summ/Tloc      0%           100%        5
 Yara's Violent Unravell  Hex/Tmut       0%           100%        5
 Eringya's Noxious Bog    Tmut/Pois      0%           100%        6
 Freezing Cloud           Conj/Ice/Air   0%           100%        6
 Hydra Form               Tmut           0%           100%        6
 Invisibility             Hex            0%           100%        6
 Ozocubu's Refrigeration  Ice            0%           100%        6
 Simulacrum               Ice/Necr       0%           100%        6
 Starburst                Conj/Fire      0%           100%        6
 Statue Form              Tmut/Erth      0%           100%        6
 Summon Hydra             Summ           0%           100%        7
 Ignition                 Fire           0%           100%        8


Dungeon Overview and Level Annotations

Branches:
Dungeon (12/15)            Temple (1/1) D:4            Lair (6/6) D:8
  Swamp (4/4) Lair:3        Snake (4/4) Lair:3        Slime (0/5) Lair:5
    Orc (2/2) D:12            Elf (3/3) Orc:2

Altars:
Ashenzari
Cheibriados
Dithmenos
Elyvilon
Fedhas
Gozag
Hepliaklqana
Kikubaaqudgha
Makhleb
Nemelex Xobeh
Okawaru
Qazlal
Ru
Sif Muna
Trog
Uskayaw
Vehumet
Wu Jian
Xom
Yredelemnul
Zin
The Shining One
Beogh
Jiyva

Shops:
Orc:2 :(*[:   Elf:1 }=}}   Elf:3 *

Annotations:
Elf:1 3 runed translucent doors, Cuucabuana's ghost, veteran MiGl; Qiokh's ghost, veteran MiBe; Soammui's ghost, adept MiBe; Zireun's ghost, veteran GrFi
Elf:2 2 runed translucent doors


Innate Abilities, Weirdness & Mutations

You reflexively headbutt those who attack you in melee.
You have a pair of horns on your head.
You have sharp fingernails.
You are partially covered in large bone plates. (SH +4)
You are agile. (Dex +2)
Your mind is acute. (Int +2)
[You have an uncontrollable temper.]
[Scrolls take you much longer to read.]
[You are very clumsy. (Dex -4)]
[Armour fits poorly on your strangely shaped body.]
[Your body often deteriorates upon taking damage.]
[You are very dopey. (Int -4)]
[You are extremely frail. (-30% HP)]
[Your magical capacity is extremely low. (-30% MP)]
[You frequently scream uncontrollably at your foes.]
[You do not regenerate when monsters are visible.]
[You are often teleported next to monsters.]
[You are very weak. (Str -4)]
[Potions are poor at restoring your health.]
[Your spells are much easier to cast, but much less powerful.]


Message History

The hellwing swoops through the air toward you!
You block the hellwing's attack. x2
The demonic crawler hits you but does no damage.
You block the demonic crawler's attack.
The demonic crawler hits you but does no damage.
You feel very buoyant.
You fly up into the air.
You block the demonic crawler's attack. x2
The demonic crawler hits you but does no damage.
You block the hellwing's attack. x2
The hellwing hits you but does no damage.
You block the hellwing's attack. You block the demonic crawler's attack.
The demonic crawler barely misses you. x2
A wraith comes into view.
The white draconian breathes frost at you.
The chilling breath hits the demonic crawler!
The demonic crawler resists.
The chilling breath hits you!
* * * LOW HITPOINT WARNING * * *
You are blown backwards by the freezing wind.
You slam into the stone wall!
You die...

......# . .# . ## #.
#.. ..#### #. ## ....#.
...##.. .# #. ..#...#
...# ### ...#...#. #
..≈##.# .. .#...#
.###.≈##
..4#.#.##.#....#####..
#....*..#..#.##@......#
# .#4#.##.##...#....#.
#...##4..#..#s...#
##...
#..#...d###..#....# #
###_..##.#....#....#
#..#. ...4d#.#.#.W.# #.
#.......#.#...#.#
#..#.#...#....#.#..
##.......#..#.####.#


You could see a white draconian (very poisoned, catching breath), a demonic
crawler, an orange demon and a wraith.

Vanquished Creatures
  Nikola (Snake:2)
  Jorgrun (Elf:2)
  The ghost of PedroKMD the Bludgeoner, an adept HOMo of Beogh (Elf:3)
  Asterion (Snake:2)
  A deep elf blademaster (Elf:3)
  A deep elf master archer (Elf:3)
  2 thorn hunters
  13 nagarajas
  Donald (Lair:3)
  A fenstrider witch (Swamp:4)
  3 deep elf sorcerers
  Aizul (Snake:2)
  An orc warlord (Orc:2)
  10 deep elf elementalists
  The ghost of Ekaitz the Arsonist, a journeyman HOFE of Sif Muna (Lair:6)
  3 deep elf demonologists
  The ghost of TarVian the Fencer, a journeyman MiFi of Qazlal (Orc:1)
  6 deep elf annihilators
  3 bunyips
  5 eleionomae
  Snorg (Lair:4)
  3 deep elf death magi (Elf:2)
  A fire dragon (Lair:6)
  3 shambling mangroves
  4 deep elf high priests
  28 hydras
  Erolcha (D:9)
  12 naga warriors
  Harold (D:8)
  20 anacondas
  A centaur warrior (D:12)
  2 catoblepae (Lair:6)
  11 alligators
  Erica (Orc:1)
  4 two-headed ogres
  5 death yaks (Lair:2)
  12 naga sharpshooters
  24 dancing weapons
  A soul eater (Abyss:2)
  7 shock serpents
  3 orc high priests (Orc:2)
  11 deep elf knights
  Urug (Lair:4)
  Nergalle (Lair:1)
  A wretched star (Abyss:3)
  2 spatial maelstroms (Abyss:3)
  A shadow wraith (Abyss:3)
  A salamander mystic (Snake:2)
  5 goliath frogs
  3 large abominations
  11 bog bodies
  13 swamp dragons
  13 naga ritualists
  A spriggan druid (Swamp:4)
  2 phantasmal warriors (Abyss:3)
  12 deep elf archers
  A lindwurm (Lair:6)
  5 mana vipers (Snake:2)
  Pikel (D:6)
  66 deep elf magi
  5 orc sorcerers (Orc:2)
  4 orc knights
  14 salamanders
  7 will-o-the-wisps
  14 elephants
  14 guardian serpents
  49 black mambas
  A worldbinder (Abyss:3)
  Maurice (D:8)
  5 torpor snails (Lair:6)
  25 naga magi
  Psyche (D:12)
  22 cane toads
  A smoke demon (Abyss:2)
  An efreet (Abyss:3)
  17 rime drakes
  A hellwing (Abyss:3)
  A tormentor (Abyss:2)
  An ancient zyme (Abyss:3)
  An ice devil (Abyss:2)
  6 trolls
  9 komodo dragons
  A queen bee (shapeshifter) (Elf:2)
  12 hornets
  12 tyrant leeches
  2 polar bears
  7 dream sheep
  8 blink frogs
  3 flying skulls (Abyss:2)
  3 air elementals
  A spriggan (Lair:2)
  Sigmund (D:3)
  4 water elementals
  4 starcursed masses (Abyss:2)
  56 yaks
  3 wraiths
  2 ynoxinuls (Abyss:3)
  10 wyverns
  3 chaos spawn
  4 fire elementals (Elf:2)
  16 basilisks
  12 vampire mosquitoes
  Menkaure (D:6)
  A spatial vortex (Abyss:3)
  6 wargs
  57 nagas
  Edmund (D:5)
  15 water moccasins
  3 hell hounds
  21 swamp worms
  Duvessa (D:5)
  36 orc warriors
  5 swamp drakes
  9 ice beasts
  5 sky beasts
  A phantom (D:8)
  7 black bears
  2 small abominations (Abyss:3)
  26 wolves
  11 centaurs
  7 ogres
  2 lemures (D:6)
  Blork the orc (D:6)
  21 bullfrogs
  2 big kobolds (D:11)
  3 earth elementals
  A wyvern zombie (D:9)
  Dowan (D:5)
  A wyvern skeleton (D:12)
  5 scorpions
  9 killer bees
  13 wights
  3 howler monkeys
  4 electric eels (Lair:5)
  A bullfrog zombie (D:9)
  A crimson imp (D:5)
  12 hounds
  A quasit (Abyss:3)
  A centaur zombie (D:7)
  3 bullfrog skeletons
  29 orc priests
  2 centaur skeletons
  An iron imp (D:5)
  7 jellies
  2 iguanas
  7 worker ants
  28 orc wizards
  Natasha (thrice) (D:4)
  19 hell rats
  A worker ant zombie (D:5)
  Robin (D:3)
  13 adders
  3 shadow imps
  4 white imps
  2 ufetubi
  An adder skeleton (D:5)
  An adder zombie (D:5)
  2 worms
  4 dart slugs
  7 leopard geckos
  101 orcs
  A ball python (D:3)
  4 giant cockroaches
  13 goblins
  6 hobgoblins
  6 jackals
  15 kobolds
  2 quokkas
  5 bats
  3 frilled lizards
  A jackal skeleton (D:7)
  8 rats
1319 creatures vanquished.

Vanquished Creatures (collateral kills)
  An Ice Fiend (Elf:3)
  A dancing weapon (Elf:3)
  A deep elf knight (Elf:3)
  2 deep elf magi (Elf:3)
5 creatures vanquished.

Vanquished Creatures (others)
  A hydra (Swamp:4)
  A deep elf knight (Elf:3)
  2 black mambas (Snake:2)
  4 bloated husks
  A naga (Snake:2)
  An orc warrior (Orc:2)
  44 foxfires
  32 fungi
  A lurking horror (Abyss:3)
  52 plants
  2 withered plants (Elf:1)
141 creatures vanquished.

Grand Total: 1465 creatures vanquished

Notes
Turn   | Place    | Note
-------+----------+-------------------------------------------
     0 | D:1      | cozkul the Minotaur Fighter began the quest for the Orb.
     0 | D:1      | Reached XP level 1. HP: 19/19 MP: 0/0
   115 | D:1      | Reached XP level 2. HP: 26/27 MP: 1/1
   941 | D:2      | Reached XP level 3. HP: 31/33 MP: 2/2
  1507 | D:3      | Noticed Robin
  1538 | D:3      | Killed Robin
  1539 | D:3      | Reached skill level 4 in Armour
  1667 | D:3      | Noticed Sigmund
  1683 | D:3      | HP: 1/34 [Sigmund/+0 scythe (10)]
  1692 | D:3      | Killed Sigmund
  1693 | D:3      | Reached skill level 1 in Dodging
  1693 | D:3      | Reached XP level 4. HP: 25/41 MP: 3/3
  1693 | D:3      | Reached XP level 5. HP: 28/47 MP: 4/4
  2154 | D:3      | Reached skill level 5 in Axes
  2154 | D:3      | Reached XP level 6. HP: 55/55 MP: 5/5
  2300 | D:3      | Found a broken altar of Ashenzari.
  2619 | D:4      | Found a broken altar of Ashenzari.
  2657 | D:4      | Found a staircase to the Ecumenical Temple.
  2666 | Temple   | Entered the Ecumenical Temple
  2751 | D:4      | Noticed Natasha
  2770 | D:4      | Killed Natasha
  2771 | D:4      | Reached skill level 5 in Armour
  2879 | D:4      | Reached skill level 5 in Shields
  2881 | D:4      | Noticed Natasha
  2891 | D:4      | Killed Natasha
  2902 | D:4      | Got a shimmering hand axe
  2903 | D:4      | Identified the +7 hand axe of Compassion {vorpal, rF-
                  | Will++} (You found it on level 4 of the Dungeon)
  3160 | D:4      | Found an iron altar of Okawaru.
  3204 | D:4      | Noticed Natasha
  3209 | D:4      | Killed Natasha
  3210 | D:4      | Reached skill level 5 in Fighting
  3470 | D:4      | Found a bloodstained altar of Trog.
  3787 | D:4      | Became a worshipper of Trog the Wrathful
  3872 | D:5      | Entered Level 5 of the Dungeon
  3890 | D:5      | Noticed Duvessa
  3891 | D:5      | Noticed Dowan
  3913 | D:5      | Reached XP level 7. HP: 58/62 MP: 6/6
  3919 | D:5      | Killed Duvessa
  3929 | D:5      | Killed Dowan
  4101 | D:5      | Found a glowing silver altar of Zin.
  4182 | D:5      | Reached * piety under Trog
  4282 | D:5      | Found a burning altar of Makhleb.
  4391 | D:5      | Noticed Edmund
  4402 | D:5      | Killed Edmund
  4403 | D:5      | Reached XP level 8. HP: 68/71 MP: 7/7
  4479 | D:5      | Found a snail-covered altar of Cheibriados.
  4546 | D:5      | Found a basalt altar of Yredelemnul.
  4845 | D:5      | Reached skill level 6 in Armour
  5171 | D:6      | Noticed Menkaure
  5178 | D:6      | Killed Menkaure
  5336 | D:6      | Found a shadowy altar of Dithmenos.
  5395 | D:6      | Found an ornate altar of the Wu Jian Council.
  5434 | D:6      | Noticed Pikel
  5447 | D:6      | Killed Pikel
  5448 | D:6      | Reached skill level 7 in Armour
  5448 | D:6      | Reached XP level 9. HP: 69/79 MP: 8/8
  5569 | D:6      | Noticed Blork the orc
  5576 | D:6      | Killed Blork the orc
  5717 | D:7      | Reached ** piety under Trog
  5731 | D:7      | Reached skill level 10 in Axes
  5841 | D:7      | Identified the Papyrus of Sinister Hexes
  6123 | D:7      | Found a shimmering altar of Xom.
  6203 | D:7      | Found a radiant altar of Vehumet.
  6591 | D:8      | Reached *** piety under Trog
  6594 | D:8      | Noticed a two-headed ogre
  6594 | D:8      | Noticed a two-headed ogre
  6610 | D:8      | Killed a two-headed ogre
  6617 | D:8      | Killed a two-headed ogre
  6618 | D:8      | Reached skill level 8 in Armour
  6618 | D:8      | Reached XP level 10. HP: 33/91 MP: 9/9
  6688 | D:8      | HP: 4/91 [troll (11)]
  7495 | D:8      | Noticed Harold
  7498 | D:8      | Noticed Maurice
  7513 | D:8      | Killed Harold
  7532 | D:8      | Killed Maurice
  7646 | D:8      | Found a staircase to the Lair.
  7776 | D:8      | Reached skill level 10 in Shields
  7789 | D:8      | Noticed a two-headed ogre
  7800 | D:8      | Killed a two-headed ogre
  7801 | D:8      | Reached skill level 9 in Armour
  7801 | D:8      | Reached XP level 11. HP: 60/99 MP: 10/10
  7974 | D:8      | Found a white marble altar of Elyvilon.
  8417 | Lair:1   | Entered Level 1 of the Lair of Beasts
  8546 | Lair:1   | Reached **** piety under Trog
  8619 | Lair:1   | Reached skill level 10 in Fighting
  8853 | Lair:1   | Got a steaming falchion
  8875 | Lair:1   | Identified the +6 falchion "Zustruij" {holy, rPois Str+4
                  | Dex+2} (You found it on level 1 of the Lair of Beasts)
  9066 | Lair:1   | Noticed a five-headed hydra
  9077 | Lair:1   | Killed a five-headed hydra
  9078 | Lair:1   | Reached skill level 1 in Long Blades
  9496 | Lair:1   | Reached skill level 10 in Armour
 10040 | Lair:2   | Noticed Nergalle
 10074 | Lair:1   | Noticed a spectral orc warlord
 10078 | Lair:1   | Killed Nergalle
 10422 | Lair:2   | Reached XP level 12. HP: 87/107 MP: 11/11
 10765 | Lair:2   | Reached skill level 5 in Long Blades
 10936 | Lair:2   | Reached skill level 11 in Armour
 11350 | Lair:2   | Noticed a death yak
 11350 | Lair:2   | Noticed a death yak
 11351 | Lair:2   | Noticed a death yak
 11369 | Lair:2   | Noticed a death yak
 11369 | Lair:2   | Noticed a death yak
 11375 | Lair:2   | Killed a death yak
 11382 | Lair:2   | Killed a death yak
 11385 | Lair:2   | Killed a death yak
 11389 | Lair:2   | Killed a death yak
 11392 | Lair:2   | Killed a death yak
 11393 | Lair:2   | Reached skill level 1 in Throwing
 12241 | Lair:3   | Reached skill level 12 in Armour
 12729 | Lair:3   | Found a staircase to the Swamp.
 13214 | Lair:3   | Reached XP level 13. HP: 116/116 MP: 12/12
 13602 | Lair:3   | Found a staircase to the Snake Pit.
 13664 | Lair:3   | Reached ***** piety under Trog
 14200 | Lair:4   | Found a stormy altar of Qazlal.
 14432 | Lair:4   | Reached skill level 10 in Long Blades
 14673 | Lair:4   | Noticed Urug
 14688 | Lair:4   | Killed Urug
 14894 | Lair:4   | Got a steaming rapier
 14903 | Lair:4   | Noticed Snorg
 14915 | Lair:4   | Killed Snorg
 15161 | Lair:4   | Identified the +3 rapier "Rutuk" {drain, Str+2} (You found
                  | it on level 4 of the Lair of Beasts)
 15369 | Lair:4   | Reached skill level 13 in Armour
 15417 | Lair:4   | Received a gift from Trog
 15953 | Lair:5   | Got a pair of faintly glowing boots
 15965 | Lair:5   | Identified the +2 pair of boots of the Sky {Harm rElec MP+9
                  | Slay-5} (You found it on level 5 of the Lair of Beasts)
 16481 | Lair:5   | Found a staircase to the Slime Pits.
 16482 | Lair:5   | Found a viscous altar of Jiyva.
 17257 | Lair:6   | Entered Level 6 of the Lair of Beasts
 17268 | Lair:6   | Reached XP level 14. HP: 121/127 MP: 13/13
 17525 | Lair:6   | Noticed Ekaitz's ghost (journeyman HOFE)
 17662 | Lair:6   | Found a runed translucent gate.
 17662 | Lair:6   | Found a runed translucent gate.
 17664 | Lair:6   | Found a runed translucent gate.
 17789 | Lair:6   | Reached skill level 1 in Stealth
 18074 | Lair:6   | Received a gift from Trog
 18127 | Lair:6   | Reached skill level 14 in Armour
 18142 | Lair:6   | Reached skill level 15 in Shields
 18446 | Lair:6   | Got a shimmering hand axe {god gift}
 18447 | Lair:6   | Identified the +5 hand axe "Gyic" {vorpal, rC- Int+3 SInv}
                  | (Trog gifted it to you on level 6 of the Lair of Beasts)
 18500 | Lair:6   | Found a runed translucent door.
 19793 | Lair:6   | Killed Ekaitz's ghost
 20184 | Lair:6   | Gained mutation: You are partially covered in yellow
                  | scales. (AC +2) [potion of mutation]
 20184 | Lair:6   | Gained mutation: You have sharp toenails. [potion of
                  | mutation]
 20185 | Lair:6   | Lost mutation: You have sharp toenails. [potion of
                  | mutation]
 20185 | Lair:6   | Lost mutation: You are partially covered in yellow scales.
                  | (AC +2) [potion of mutation]
 20185 | Lair:6   | Gained mutation: [Your body sometimes deteriorates upon
                  | taking damage.] [potion of mutation]
 20185 | Lair:6   | Gained mutation: You have a pair of large horns on your
                  | head. [potion of mutation]
 20185 | Lair:6   | Gained mutation: You are covered in fur. (AC +1) [potion of
                  | mutation]
 20186 | Lair:6   | Lost mutation: You are covered in fur. (AC +1) [potion of
                  | mutation]
 20186 | Lair:6   | Lost mutation: [Your body sometimes deteriorates upon
                  | taking damage.] [potion of mutation]
 20186 | Lair:6   | Gained mutation: You possess an exceptional clarity of
                  | mind. [potion of mutation]
 20186 | Lair:6   | Gained mutation: You expend magic power (3 MP) to
                  | strengthen your wands. [potion of mutation]
 20186 | Lair:6   | Gained mutation: You are strong-willed. (Will+) [potion of
                  | mutation]
 20370 | Snake:1  | Entered Level 1 of the Snake Pit
 20370 | Snake:1  | Noticed a nagaraja
 20385 | Snake:1  | Killed a nagaraja
 20917 | Snake:1  | Reached XP level 15. HP: 122/138 MP: 14/14
 21240 | Snake:1  | Noticed a nagaraja
 21261 | Snake:1  | Killed a nagaraja
 21262 | Snake:1  | Reached skill level 15 in Armour
 23087 | Snake:1  | Reached skill level 16 in Armour
 23113 | Snake:1  | Lost mutation: You have a pair of large horns on your head.
                  | [potion of mutation]
 23113 | Snake:1  | Lost mutation: You expend magic power (3 MP) to strengthen
                  | your wands. [potion of mutation]
 23113 | Snake:1  | Lost mutation: You possess an exceptional clarity of mind.
                  | [potion of mutation]
 23113 | Snake:1  | Gained mutation: [Your body sometimes deteriorates upon
                  | taking damage.] [potion of mutation]
 23113 | Snake:1  | Gained mutation: You have sharp toenails. [potion of
                  | mutation]
 23113 | Snake:1  | Gained mutation: You have razor-sharp toenails. [potion of
                  | mutation]
 23113 | Snake:1  | Gained mutation: Your mind is acute. (Int +2) [potion of
                  | mutation]
 23114 | Snake:1  | Lost mutation: [Your body sometimes deteriorates upon
                  | taking damage.] [potion of mutation]
 23114 | Snake:1  | Lost mutation: You have razor-sharp toenails. [potion of
                  | mutation]
 23114 | Snake:1  | Gained mutation: You are agile. (Dex +2) [potion of
                  | mutation]
 23114 | Snake:1  | Gained mutation: You are very agile. (Dex +4) [potion of
                  | mutation]
 23115 | Snake:1  | Lost mutation: You are strong-willed. (Will+) [potion of
                  | mutation]
 23115 | Snake:1  | Gained mutation: [Scrolls take you a little longer to
                  | read.] [potion of mutation]
 23115 | Snake:1  | Gained mutation: You possess an exceptional clarity of
                  | mind. [potion of mutation]
 23116 | Snake:1  | Lost mutation: You are very agile. (Dex +4) [potion of
                  | mutation]
 23116 | Snake:1  | Lost mutation: [Scrolls take you a little longer to read.]
                  | [potion of mutation]
 23116 | Snake:1  | Lost mutation: Your mind is acute. (Int +2) [potion of
                  | mutation]
 23116 | Snake:1  | Gained mutation: You are partially covered in large bone
                  | plates. (SH +4) [potion of mutation]
 23116 | Snake:1  | Gained mutation: You have sharp fingernails. [potion of
                  | mutation]
 23474 | Snake:2  | Received a gift from Trog
 23598 | Snake:2  | Noticed Asterion
 23620 | Snake:2  | Killed Asterion
 24435 | Snake:2  | Noticed Nikola
 24460 | Snake:2  | Noticed a nagaraja
 24461 | Snake:2  | Killed Nikola
 24480 | Snake:2  | Killed a nagaraja
 24699 | Snake:2  | Reached skill level 5 in Dodging
 25153 | Snake:2  | Noticed Aizul
 25178 | Snake:2  | Killed Aizul
 25905 | Snake:3  | Reached XP level 16. HP: 144/146 MP: 15/15
 26019 | Snake:3  | Reached skill level 15 in Axes
 26961 | Snake:3  | Reached skill level 1 in Polearms
 27104 | Snake:3  | Reached ****** piety under Trog
 27249 | Snake:3  | Received a gift from Trog
 27827 | Snake:4  | Entered Level 4 of the Snake Pit
 29593 | Snake:4  | Received a gift from Trog
 30444 | Snake:4  | Reached XP level 17. HP: 147/154 MP: 16/16
 31108 | Snake:4  | Received a gift from Trog
 31559 | Snake:4  | Got a serpentine rune of Zot
 32071 | Swamp:1  | Entered Level 1 of the Swamp
 32452 | Swamp:1  | Noticed Donald
 32575 | Lair:3   | Killed Donald
 32588 | Swamp:1  | Reached skill level 17 in Armour
 34182 | Swamp:2  | Reached skill level 15 in Fighting
 34707 | Swamp:2  | Received a gift from Trog
 36154 | Swamp:3  | Got a smoking mace
 36155 | Swamp:3  | Identified the cursed +1 mace "Vomufeti" {vorpal, rF+ Will-
                  | Int+4 Dex+2} (You found it on level 3 of the Swamp)
 36615 | Swamp:4  | Entered Level 4 of the Swamp
 36844 | Swamp:4  | Reached XP level 18. HP: 142/163 MP: 17/17
 37184 | Swamp:4  | Received a gift from Trog
 37477 | Swamp:4  | Paralysed by a fenstrider witch for 6 turns
 37490 | Swamp:4  | Reached skill level 18 in Armour
 38781 | Swamp:4  | Got a decaying rune of Zot
 39321 | D:9      | Noticed Erolcha
 39335 | D:9      | Killed Erolcha
 39654 | D:9      | Found a radiant altar of Vehumet.
 39909 | D:9      | Got a faintly humming plate armour
 39923 | D:9      | Identified the cursed +0 plate armour of the Assorted
                  | Stories {*Drain +Fly rElec Dex+5} (You found it on level 9
                  | of the Dungeon)
 40036 | D:10     | Entered Level 10 of the Dungeon
 40740 | D:11     | Got a pair of translucent boots
 40751 | D:11     | Identified the cursed +0 pair of boots of the Vacuum {rElec
                  | rPois Str+5 Stlth-} (You found it on level 11 of the
                  | Dungeon)
 41234 | D:12     | Received a gift from Trog
 41422 | D:12     | Found a staircase to the Orcish Mines.
 41583 | D:12     | Found the +10 Black Knight's barding {ponderous, rPois rN+}
 42448 | D:12     | Noticed Psyche
 42452 | D:12     | Killed Psyche
 42509 | Orc:1    | Entered Level 1 of the Orcish Mines
 42509 | Orc:1    | Noticed Erica
 42515 | Orc:1    | Killed Erica
 42618 | Orc:2    | Entered Level 2 of the Orcish Mines
 42700 | Orc:2    | Received a gift from Trog
 42706 | Orc:2    | Got a pitted scimitar {god gift}
 42709 | Orc:2    | Identified the +4 scimitar "Niugh" {vorpal, +Inv rN+++
                  | Will- SInv} (Trog gifted it to you on level 2 of the Orcish
                  | Mines)
 42848 | Orc:2    | Found a roughly hewn altar of Beogh.
 42879 | Orc:2    | Found Wiomim's Book Shoppe.
 42888 | Orc:2    | Found a staircase to the Elven Halls.
 43007 | Orc:2    | Paralysed by an orc sorcerer for 2 turns
 43633 | Orc:2    | Reached skill level 19 in Armour
 44006 | Orc:2    | Found Zeust's General Store.
 44007 | Orc:2    | Found Uriv's Book Boutique.
 44009 | Orc:2    | Found Maytyzen's Antique Armour Shop.
 44009 | Orc:2    | Found Maschovvo's Antique Weapon Shop.
 44016 | Orc:2    | Bought a scroll of enchant armour for 105 gold pieces
 44026 | Orc:2    | Bought spiked gold dragon scales for 1615 gold pieces
 44042 | Orc:2    | Identified the +4 gold dragon scales "Nuasyill" {rPois rF+
                  | rC+ Str+2 Int+3} (You bought it in a shop on level 2 of the
                  | Orcish Mines)
 44224 | Orc:1    | Received a gift from Trog
 44289 | Orc:1    | Found a roughly hewn altar of Beogh.
 44291 | Orc:1    | Found a runed translucent gate.
 44292 | Orc:1    | Found a runed translucent gate.
 44316 | Orc:1    | Found a runed translucent gate.
 44317 | Orc:1    | Noticed TarVian's ghost (journeyman MiFi)
 44467 | Orc:1    | Killed TarVian's ghost
 44834 | Elf:1    | Entered Level 1 of the Elven Halls
 44871 | Elf:1    | Found a radiant altar of Vehumet.
 45218 | Elf:1    | Found a runed translucent gate.
 45226 | Elf:1    | Found a runed translucent gate.
 45227 | Elf:1    | Found a runed translucent gate.
 45257 | Elf:1    | Found Mal Tiki's Jewellery Shop.
 45258 | Elf:1    | Found Ihagis's Gadget Emporium.
 45258 | Elf:1    | Found Wulixet's Gadget Emporium.
 45304 | Elf:1    | Found Sumic's Gadget Emporium.
 45882 | Elf:1    | Noticed Qiokh's ghost (veteran MiBe)
 45882 | Elf:1    | Noticed Zireun's ghost (veteran GrFi)
 45882 | Elf:1    | Noticed Soammui's ghost (adept MiBe)
 45882 | Elf:1    | Noticed Cuucabuana's ghost (veteran MiGl)
 46170 | Elf:1    | Identified the Compendium of Dusty Poisoning
 46292 | Elf:2    | Received a gift from Trog
 46301 | Elf:2    | Reached XP level 19. HP: 136/179 MP: 18/18
 46524 | Elf:2    | Noticed a Tzitzimitl
 46545 | Elf:2    | Gained mutation: [Scrolls take you a little longer to
                  | read.] [a cacodemon]
 47290 | Elf:2    | Received a gift from Trog
 47528 | Elf:2    | Found a large runed translucent door.
 47528 | Elf:2    | Found a large runed translucent door.
 47564 | Elf:2    | Found a large runed translucent door.
 47564 | Elf:2    | Found a large runed translucent door.
 47569 | Elf:2    | Noticed Jorgrun
 47607 | Elf:2    | Killed Jorgrun
 47796 | Elf:2    | Reached skill level 20 in Armour
 48526 | Elf:3    | Entered Level 3 of the Elven Halls
 48570 | Elf:3    | Found a runed translucent gate.
 48571 | Elf:3    | Found a runed translucent gate.
 48847 | Elf:3    | Found Cunov's General Store.
 49094 | Elf:3    | Found a runed translucent gate.
 49098 | Elf:3    | Noticed PedroKMD's ghost (adept HOMo)
 49127 | Elf:3    | Received a gift from Trog
 49142 | Elf:3    | Killed PedroKMD's ghost
 49523 | Elf:3    | Identified the +3 pair of boots of Death Resistance {Str+3
                  | Dex+3} (You found it on level 3 of the Elven Halls)
 49575 | Elf:3    | Noticed a Tzitzimitl
 50621 | Elf:2    | Received a gift from Trog
 50762 | Elf:2    | Identified 3 scrolls of acquirement
 50814 | Elf:3    | Reached skill level 21 in Armour
 51605 | Elf:2    | Reached XP level 20. HP: 175/184 MP: 19/19
 51647 | Elf:3    | Cast into level 3 of the Abyss (a deep elf sorcerer)
 51799 | Abyss:3  | Acquired 502 gold pieces
 51806 | Abyss:3  | Acquired 986 gold pieces
 51808 | Abyss:3  | Acquired a manual of Fighting
 52003 | Elf:3    | Escaped the Abyss
 53168 | Elf:3    | Cast into level 2 of the Abyss (a deep elf sorcerer)
 53401 | Abyss:2  | Found a corrupted altar of Lugonu.
 53570 | Abyss:3  | Noticed a bone dragon
 53600 | Abyss:3  | Lost mutation: You possess an exceptional clarity of mind.
                  | [potion of mutation]
 53600 | Abyss:3  | Lost mutation: You have sharp toenails. [potion of
                  | mutation]
 53600 | Abyss:3  | Gained mutation: Your mind is acute. (Int +2) [potion of
                  | mutation]
 53600 | Abyss:3  | Gained mutation: [Your magical capacity is low. (-10% MP)]
                  | [potion of mutation]
 53600 | Abyss:3  | Lost mutation: [Scrolls take you a little longer to read.]
                  | [potion of mutation]
 53638 | Abyss:3  | Paralysed by accursed screaming for 1 turns
 53732 | Abyss:3  | Found a burning altar of Makhleb.
 53732 | Abyss:3  | HP: 4/136 [white draconian/chilling breath (16)]
 53744 | Abyss:3  | HP: 3/136 [white draconian/chilling breath (7)]
 53744 | Abyss:3  | Collided with a stone wall

Illustrated notes

Levels and vault maps discovered:
D:1:      moated_graveyard_arrival, layout_basic, glass_columns_a,
          minmay_fountain_box, serial_bayou_pond_c
D:2:      layout_rooms, kennysheep_generic_room_8
D:3:      layout_basic, overflow_temple_1_default, minmay_misc_feat_roman,
          uniq_sigmund, uniq_robin
D:4:      layout_gridville, kennysheep_mini_moat,
          nicolae_overflow_crystal_walls, minmay_temple_entry_antechambers,
          cheibrodos_ashenzari_chains, uniq_natasha
D:5:      layout_basic, slow_altar_2, marbit_many_paths, makhleb_grotto_becter,
          kennysheep_little_box, kennysheep_big_empty_room, minmay_small_thing,
          uniq_edmund, uniq_duvessa
D:6:      layout_rooms, grunt_dithmenos_smoke_and_mirrors,
          lemuel_coloured_pillars_altar, uniq_blork_the_orc, uniq_menkaure,
          uniq_pikel
D:7:      layout_cave_pools, overflow_temple_1_default, basic_altar,
          chequers_serial_rivers_small_b
D:8:      cheibrodos_ideogram_h, layout_rooms, elyvilon_altar_3,
          erik_lair_orcish_takeover, serial_curves, eino_curves_02,
          eino_curves_01, eino_curves_03, uniq_harold, uniq_maurice
D:9:      layout_basic, vehumet_crystals, uniq_erolcha
D:10:     layout_irregular_city
D:11:     layout_roguey
D:12:     layout_loops_corners, hiddenorc2_lemuel, uniq_psyche
Temple:   eino_wide_crystal_templ
Lair:1:   layout_hall_layers
Lair:2:   layout_roguey, forest_entry_grove, uniq_nergalle
Lair:3:   beast_lair_carwin_large_4, layout_regular_city,
          minmay_swamp_entry_worms, minmay_snake_entry_guardpost_small,
          lemuel_fruit_tree
Lair:4:   layout_cave_pods, portal_ice_cave_entry_ice_beasts, basic_altar,
          special_room [special_room_mythical_zoo], uniq_snorg, uniq_urug
Lair:5:   statuecave_lemuel, layout_small_grid, slime_altar_1,
          nicolae_quartered_pool_super
Lair:6:   wormcave, layout_layer_cave, gammafunk_ghost_split, special_room
          [special_room_mythical_zoo], chequers_serial_rivers_small_a
Swamp:1:  layout_falls_marsh, infiniplex_staircase_pool_2, swamp_pool1,
          uniq_donald
Swamp:2:  layout_basic_swamp, nicolae_swamp_triple_paths, st_swamp_ruins_2
Swamp:3:  layout_basic_swamp, evilmike_swamp_ruin_house_5
Swamp:4:  swamp_basic_johnstein, layout_basic_swamp, swamp_pool1,
          nicolae_swamp_feature_on_the_river_bank
Snake:1:  nrook_guardian_serpent_snake_passage, layout_gridlike,
          grunt_megastairs_5
Snake:2:  layout_misc_corridors, grunt_ministairs_13, uniq_aizul, uniq_nikola,
          uniq_asterion
Snake:3:  hangedman_cross_stitches, layout_gridlike, drop_trap
Snake:4:  grunt_snake_rune_serpentine_throne, layout_onion, grunt_megastairs_1
Orc:1:    layout_caves, gammafunk_ghost_split, basic_altar, uniq_erica
Orc:2:    st_orc_congregation, layout_caves, serial_shops, shop, mines1_david
Elf:1:    eino_elf_arrival_altar, layout_loops_corners,
          gammafunk_ghost_cemetery, serial_shops, shop_coins,
          kennysheep_underground_church, minmay_shop_grove
Elf:2:    layout_gridlike, grunt_megastairs_4, uniq_jorgrun
Elf:3:    minmay_elf_hall_four_x, layout_rooms, gammafunk_ghost_tricky_traps,
          serial_shops, shop, st_stairs_7, minmay_shop_star
Abyss:3:  base: Temple, evilmike_nicolae_abyss_rune_betentacled_crabyss,
          evilmike_nicolae_abyss_rune_betentacled_crabyss, base: Snake:3,
          hangedman_abyss_lost_library, evilmike_abyss_rune_tso_outpost,
          gammafunk_abyss_rune_reverse_zot, evilmike_abyss_rune_ettins

Skill      XL: |  1  2  3  4  5  6  7  8  9 10 11 12 13 14 15 16 17 18 19 |
---------------+----------------------------------------------------------+-----
Fighting       | 4 5 6 7 9 10 11 12 14 15 18 20 | 20.7
Shields        | 4 5 7 8 10 11 12 14 15 16 | 16.3
Axes           | 4 5 7 9 11 12 14 17 19 | 19.9
Armour         | 4 5 7 8 9 10 12 13 14 16 17 19 21 | 21.2
Dodging        | 1 2 5 6 |  6.5
Long Blades    | 4 8 11 14 | 14.0
Throwing       | 1 3 |  3.0
Stealth        | 1 3 |  3.8
Polearms       | 1 |  1.0

Action                   |  1- 3 |  4- 6 |  7- 9 | 10-12 | 13-15 | 16-18 | 19-21 || total
-------------------------+-------+-------+-------+-------+-------+-------+-------++-------
Melee: War axe           |   111 |    75 |       |       |       |       |       ||   186
       Headbutt          |    12 |    16 |    33 |   175 |   332 |   486 |   141 ||  1195
       Hand axe          |       |    20 |   203 |   274 |   479 |       |       ||   976
       Falchion          |       |       |       |   347 |   285 |       |       ||   632
       Flail             |       |       |       |     6 |    56 |       |       ||    62
       Broad axe         |       |       |       |       |   409 |  1627 |   503 ||  2539
       Battleaxe         |       |       |       |       |       |    44 |       ||    44
       Scimitar          |       |       |       |       |       |    98 |       ||    98
       Mace              |       |       |       |       |       |    17 |       ||    17
Throw: Dart              |       |       |     3 |     2 |       |       |       ||     5
       Boomerang         |       |       |       |     6 |     4 |       |       ||    10
       Javelin           |       |       |       |       |     7 |    15 |     5 ||    27
       Throwing net      |       |       |       |       |       |     1 |     1 ||     2
Invok: Berserk           |       |       |     1 |     2 |     5 |       |       ||     8
       Trog's Hand       |       |       |       |     4 |     7 |     5 |     2 ||    18
       Brothers in Arms  |       |       |       |       |     1 |       |     2 ||     3
Evoke: Wand              |       |       |       |       |     2 |       |       ||     2
  Use: Potion            |     3 |       |       |       |    20 |     3 |    12 ||    38
       Scroll            |       |     5 |     5 |     6 |     7 |    18 |    10 ||    51
 Stab: Distracted        |       |       |       |       |       |       |     1 ||     1
Armor: Scale mail        |    50 |    30 |       |       |       |       |       ||    80
       Plate armour      |       |     8 |    67 |   326 |   490 |   594 |       ||  1485
       Ring mail         |       |       |       |       |     3 |       |       ||     3
       Gold dragon scale |       |       |       |       |       |    29 |   180 ||   209
Dodge: Dodged            |    23 |    17 |    24 |   154 |   255 |   355 |    73 ||   901
Block: Kite shield       |    47 |    44 |    78 |   381 |   477 |       |       ||  1027
       Tower shield      |       |       |       |       |   396 |  1924 |   545 ||  2865
       Other             |       |       |       |       |       |     3 |       ||     3
       Rpst.: Falchion   |       |       |       |    30 |    17 |       |       ||    47
       Scimitar          |       |       |       |       |       |     1 |       ||     1
